 Dungeon Crawl Stone Soup version 0.30-a0-292-g0f741e3f8e (webtiles) character file.

Game seed: 10367817155467488407

323 hikkokomori the Trooper (level 6, -2/41 HPs)
             Began as a Gargoyle Berserker on Oct 17, 2022.
             Was a Follower of Trog.
             Slain by an orc
             ... wielding a +0 trident
              (8 damage)
             ... on level 4 of the Dungeon.
             The game lasted 00:01:42 (1118 turns).

hikkokomori the Trooper (Gargoyle Berserker)        Turns: 1118, Time: 00:01:43

Health: -2/41      AC:  6    Str: 21    XL:     6   Next: 47%
Magic:  6/6        EV: 12    Int:  7    God:    Trog [*.....]
Gold:   105        SH:  0    Dex: 11    Spells: 5/5 levels left

rFire   . . .      SeeInvis .    a - +0 hand axe
rCold   . . .      Faith    .    (no shield)
rNeg    + . .      Spirit   .    b - +0 animal skin
rPois   ∞          Reflect  .    (no helmet)
rElec   +          Harm     .    (no cloak)
rCorr   .          Rampage  .    (no gloves)
Will    .....                    (no boots)
Stlth   +.........               (no amulet)
HPRegen 0.26/turn                (no ring)
MPRegen 0.10/turn                (no ring)

@: on berserk cooldown, slowed, very slow
A: sickness immunity, AC +4, negative energy resistance 1, electricity
resistance, torment resistance 1, petrification resistance
a: Renounce Religion, Berserk


You were on level 4 of the Dungeon.
You worshipped Trog.
Trog was aware of your devotion.
You visited 1 branch of the dungeon, and saw 4 of its levels.

You collected 105 gold pieces.

Inventory:

Hand Weapons
 a - a +0 hand axe (weapon)
Armour
 b - a +0 animal skin (worn)
Scrolls
 c - 2 scrolls of teleportation {unknown}
 e - a scroll of identify {unknown}
 g - a scroll of immolation {unknown}
 h - a scroll of enchant weapon {unknown}
 i - a scroll of noise {unknown}
 j - a scroll of blinking {unknown}
Potions
 d - a potion of curing {unknown}
 f - a potion of ambrosia {unknown}


   Skills:
 + Level 5.9 Fighting
 + Level 4.9 Axes
 - Level 2.1 Armour
 - Level 1.5 Dodging


You had 5 spell levels left.
You didn't know any spells.
Your spell library was empty.

Dungeon Overview and Level Annotations

Branches:
Dungeon (4/15)
 Temple: D:4-7

Altars:
Zin


Innate Abilities, Weirdness & Mutations

You are immune to sickness and miasma.
Your stone body is resilient. (AC +4)
You are immune to poison.
You resist negative energy. (rN+)
You are resistant to electric shocks. (rElec)
You are resistant to unholy torment.
You are immune to petrification.


Message History

You kill the water moccasin!
Trog accepts your kill.
You have reached level 6!
You feel a strong urge to attack something.
You are no longer berserk.
You are exhausted.
You feel yourself slow down.
There is a stone staircase leading up here.
You climb upwards.
The orc shouts! x2; The orc priest shouts! x2; The orc shouts!
Found 13 gold pieces and 5 poisoned darts.
Found an escape hatch in the floor.
There is a stone staircase leading down here.
Unknown command.
The orc priest calls down the wrath of Beogh upon you.
Beogh smites you!
* * * LOW HITPOINT WARNING * * *
The orc barely misses you.
You climb downwards.
There is a stone staircase leading up here.
Unknown command.
You barely miss the orc. The orc barely misses you.
The orc completely misses you.
Unknown command.
You closely miss the orc. The orc hits you with a +0 trident.
* * * LOW HITPOINT WARNING * * *
Unknown command.
You closely miss the orc. The orc hits you with a +0 trident.
* * * LOW HITPOINT WARNING * * *
The orc hits you with a +0 trident.
* * * LOW HITPOINT WARNING * * *
Unknown command.
You hit the orc.
The orc is severely wounded.
The orc hits you but does no damage.
Unknown command.
You closely miss the orc.
The orc is severely wounded.
The orc hits you but does no damage. The orc hits you with a +0 trident!
You die...

#.........# #.........#
#.........# #.........#..
##########...........#
#..........#.......#.#
#.)......###.###..## #
#....>..o##.......#
##.#....@#..#.....#
#.#.#..##.# #....#
#####......##.###......
##...##..........##.....
#####.............##.# #..##
#..........÷......##... #..
. #.###'###..........####.#
.( ..#.....#......:....###
...#
..#.....#........#....###..#


You could see an orc.

Vanquished Creatures
  A water moccasin (D:4)
  Blork the orc (D:4)
  A necrophage (D:4)
  A hound (D:4)
  2 adders
  A worm (D:2)
  A dart slug (D:1)
  An endoplasm (D:1)
  A giant cockroach (D:1)
  4 goblins (D:1)
  4 hobgoblins
  3 jackals (D:2)
  A ball python (D:1)
  2 bats (D:1)
  A frilled lizard (D:2)
  2 kobolds (D:1)
  3 rats (D:1)
  A spectral goblin (D:1)
31 creatures vanquished.

Notes
Turn   | Place    | Note
-------+----------+-------------------------------------------
     0 | D:1      | hikkokomori the Gargoyle Berserker began the quest for the
                  | Orb.
     0 | D:1      | Reached XP level 1. HP: 14/14 MP: 1/1
   132 | D:1      | Found a faded altar of an unknown god.
   155 | D:1      | Reached XP level 2. HP: 16/19 MP: 2/2
   865 | D:2      | Reached XP level 3. HP: 14/24 MP: 3/3
   867 | D:2      | Reached skill level 4 in Fighting
   908 | D:2      | You fall into a shaft and drop 2 floors!
   908 | D:4      | Found a glowing silver altar of Zin.
   930 | D:4      | Noticed Blork the orc
   931 | D:4      | Noticed a necrophage
   938 | D:4      | Killed Blork the orc
   939 | D:4      | Reached skill level 5 in Fighting
   939 | D:4      | Reached XP level 4. HP: 10/31 MP: 4/4
   939 | D:4      | Reached XP level 5. HP: 11/35 MP: 5/5
  1075 | D:4      | Noticed a water moccasin
  1095 | D:4      | Killed a water moccasin
  1096 | D:4      | Reached XP level 6. HP: 21/41 MP: 6/6
  1118 | D:4      | Slain by an orc

Illustrated notes

Levels and vault maps discovered:
D:1:      scummos_arrival_checkerplants, layout_basic,
          dreamdust_ecumenical_altar_drowned_temple
D:2:      minmay_inner_zag, layout_rooms
D:3:      layout_basic, st_stairs_2, fountainhead
D:4:      layout_rooms, amcnicky_altar_gilded, nicolae_ru_the_path_less_chosen,
          minmay_misc_feat_enclosed, uniq_blork_the_orc

Skill      XL: |  1  2  3 |
---------------+----------+-----
Axes           | 3 4 |  4.9
Fighting       | 5 |  5.9
Armour         | |  2.1
Dodging        | |  1.5

Action                   |  1- 3 |  4- 6 || total
-------------------------+-------+-------++-------
Melee: Hand axe          |    70 |    28 ||    98
Invok: Berserk           |     2 |     1 ||     3
Armor: Animal skin       |    29 |     9 ||    38
Dodge: Dodged            |    60 |    10 ||    70

Table legend: (Time is in decaauts)
 A = Elapsed time spent in this place.
 B = Non-inter-level travel time spent in this place.
 C = Inter-level travel time spent in this place.
 D = Time resting spent in this place.
 E = Time spent auto-exploring this place.
 F = Levels seen in this place.
 G = Mean time per level.
                   A        B        C        D        E       F      G
               +--------+--------+--------+--------+--------+-----+--------+
         Total |   1162 |   1140 |     22 |      0 |    835 |   4 |  290.5 |
       Dungeon |   1162 |   1140 |     22 |      0 |    835 |   4 |  290.5 |
               +--------+--------+--------+--------+--------+-----+--------+

Top non-repeatable levels by time:
     D:1: 872 daAuts
     D:4: 228 daAuts
     D:2: 59 daAuts
     D:3: 2 daAuts
